Sasquatch vs Patriotes
Created - 16 janvier 2017 at 19:38
Goals
|
| Sasquatch |
2 |
2 |
0 |
4 |
| Patriotes |
1 |
0 |
1 |
2 |
|
Shots
|
| Sasquatch |
8 |
13 |
2 |
23 |
| Patriotes |
18 |
8 |
17 |
43 |
|
1st period
1. Patriotes , Barry Tallackson 2 (Tomas Kurka) at 11:25
2. Sasquatch , Stephane Da Costa 10 (Teemu Hartikainen) at 12:22
3. Sasquatch , Josh Bailey 7 (Andrej Sustr, Linus Omark) at 17:56
Penalties :
Garnet Hathaway (Gat) for Hooking (Minor) at 7:41, Christian Hanson (Nyc) for Hooking (Minor) at 18:38
2nd period
4. Sasquatch , Lars Eller 20 (James Wisniewski) at 3:40
5. Sasquatch , Teemu Hartikainen 1 (Stephane Da Costa, Andrej Sustr) at 9:11
Penalties :
Andy Andreoff (Gat) for Hooking (Minor) at 9:31, Matt Calvert (Nyc) for Hooking (Minor) at 11:47
3rd period
6. Patriotes , Christian Hanson 4 (Tomas Kurka, Barry Tallackson) at 0:22
Penalties :
Andrej Sustr (Gat) for Interference (Minor) at 17:50
Goalie Stats
Corey Crawford (Gat), 41 saves from 43 shots - (0,953), W, 12-3-1, 60:00 minutes
Marek Schwarz (Nyc), 19 saves from 23 shots - (0,826), L, 11-14-1, 60:00 minutes
Players Stats for Sasquatch
Player Name G A P +/- PIM S H SB GA TA FO MP PP MP PK MP
------------------------------------------------------------------------------------
Andrej Sustr 0 2 2 2 2 1 0 2 0 0 0/0 20:54 0:00 2:13
Andy Andreoff 0 0 0 1 2 2 5 0 0 1 0/0 17:04 0:00 1:11
Brock Trotter 0 0 0 0 0 0 0 0 0 0 0/0 6:12 1:48 1:43
Drew Shore 0 0 0 0 0 1 2 1 0 0 1/6 11:31 0:00 2:34
Garnet Hathaway 0 0 0 1 2 1 1 1 1 1 0/0 13:10 0:00 0:00
James Wisniewski 0 1 1 0 0 1 0 2 1 0 0/0 20:04 1:50 2:38
Jason Akeson 0 0 0 -1 0 1 1 2 1 2 1/1 18:40 2:10 0:00
Jesper Fast 0 0 0 0 0 0 1 0 0 0 0/0 6:35 0:00 0:00
Jonathan Blum 0 0 0 0 0 0 2 2 0 0 0/0 22:32 2:08 3:19
Josh Bailey 1 0 1 -1 0 1 1 0 0 0 3/15 16:44 0:00 0:00
Kevin Connauton 0 0 0 0 0 0 0 0 0 2 0/0 16:04 0:00 2:22
Lars Eller 1 0 1 1 0 1 1 0 0 0 7/9 16:53 2:10 1:27
Linus Omark 0 1 1 -1 0 1 2 1 1 0 0/2 20:27 2:10 1:48
Nick Leddy 0 0 0 2 0 1 0 2 0 1 0/0 23:59 2:08 0:54
Ryan Strome 0 0 0 2 0 1 2 0 0 0 0/0 14:47 1:48 0:00
Stephane Da Costa 1 1 2 2 0 5 3 1 0 0 3/6 15:17 1:48 0:26
Teemu Hartikainen 1 1 2 2 0 5 0 0 0 0 0/2 16:39 0:00 2:45
Yannick Weber 0 0 0 0 0 1 0 2 1 0 0/0 16:28 1:50 0:28
Players Stats for Patriotes
Player Name G A P +/- PIM S H SB GA TA FO MP PP MP PK MP
------------------------------------------------------------------------------------
Anthony Bitetto 0 0 0 -2 0 2 3 2 0 0 0/0 20:16 2:17 1:12
Austin Watson 0 0 0 -1 0 0 2 0 0 0 0/0 9:18 0:00 0:21
Barry Tallackson 1 1 2 1 0 12 2 0 1 0 1/1 20:46 2:58 2:09
Christian Hanson 1 0 1 1 2 4 1 0 1 0 16/22 19:12 2:58 0:36
Fedor Fedorov 0 0 0 -1 0 1 2 0 0 0 0/1 18:19 2:55 1:25
Jared Knight 0 0 0 0 0 0 0 0 0 0 0/0 0:49 0:16 0:00
Jordie Benn 0 0 0 1 0 2 0 1 1 0 0/0 26:26 3:40 2:46
Lauri Tukonen 0 0 0 -1 0 2 2 0 0 1 0/1 16:54 2:55 0:00
Mathieu Perreault 0 0 0 -1 0 2 2 0 0 0 1/3 12:41 0:00 1:13
Matt Calvert 0 0 0 -1 2 2 0 0 1 0 0/1 11:42 0:04 0:00
Melker Karlsson 0 0 0 -1 0 1 0 0 0 0 1/2 8:48 0:00 0:00
Mike Funk 0 0 0 -2 0 3 0 1 1 1 0/0 20:24 2:17 1:12
Robbie Russo 0 0 0 -1 0 0 0 0 0 1 0/0 13:17 0:00 0:00
Scott Glennie 0 0 0 -1 0 2 0 0 0 0 0/0 9:03 0:04 0:00
Stephen Johns 0 0 0 -1 0 0 2 0 0 0 0/0 13:17 0:00 0:00
Timothy Kunes 0 0 0 1 0 4 3 0 0 1 0/0 26:20 3:40 2:46
Tomas Kurka 0 2 2 1 0 2 1 1 0 1 2/4 20:49 2:58 2:12
Zach Budish 0 0 0 -1 0 1 0 0 0 0 0/0 10:57 0:00 0:00
Zenon Konopka 0 0 0 -1 0 3 3 0 2 0 5/6 16:42 2:43 0:00
3 Stars
1 - Stephane Da Costa (Gat)
2 - Barry Tallackson (Nyc)
3 - Teemu Hartikainen (Gat)
Power Play
Sasquatch - 0 on 2 Attempt(s) - 0,00%
Patriotes - 0 on 3 Attempt(s) - 0,00%
Penalty Kill
Sasquatch - 3 on 3 Attempt(s) - 100,00%
- Score 0 goal in Penalty Kill
Patriotes - 2 on 2 Attempt(s) - 100,00%
- Score 0 goal in Penalty Kill
Team Stat
Sasquatch - Hits : 21 - Faceoff Wins : 15 - Blocked Shots : 16 - Penalty Minutes : 6
Patriotes - Hits : 23 - Faceoff Wins : 26 - Blocked Shots : 5 - Penalty Minutes : 4
Official
Referees : Devorski Paul and Kowal Tom
Linesman : Tim Nowak and Greg Devorski
Game Notes
No Game Note
Finance
Level 1 -- Attendance: 1533 (76,65%) -- Ticket Income 53 655 $
Level 2 -- Attendance: 737 (73,70%) -- Ticket Income 11 055 $
Total Attendance: 2270 (75,67%)
Total Ticket Income: 64 710 $
Other Income: 3 236 $
Total Income: 67 946 $
Sasquatch
5 vs 5 Forward
Center Left Wing Right Wing Time % Phy DF OF
1 Josh Bailey Linus Omark Jason Akeson 40 1 2 2
2 Lars Eller Andy Andreoff Garnet Hathaway 30 1 2 2
3 Stephane Da Costa Teemu Hartikainen Ryan Strome 20 1 2 2
4 Drew Shore Andy Andreoff Jesper Fast 10 1 2 2
5 vs 5 Defense
Defense Defense Time % Phy DF OF
1 Nick Leddy Andrej Sustr 40 1 2 2
2 James Wisniewski Jonathan Blum 30 1 2 2
3 Kevin Connauton Yannick Weber 20 1 2 2
4 Jonathan Blum Nick Leddy 10 1 2 2
PowerPlay Forward
Center Left Wing Right Wing Time % Phy DF OF
1 Lars Eller Linus Omark Jason Akeson 60 1 2 2
2 Stephane Da Costa Brock Trotter Ryan Strome 40 1 2 2
PowerPlay Defense
Defense Defense Time % Phy DF OF
1 Nick Leddy Jonathan Blum 60 1 2 2
2 Yannick Weber James Wisniewski 40 1 2 2
Penalty Kill 4 Players Forward
Center Wing Time % Phy DF OF
1 Drew Shore Teemu Hartikainen 60 1 2 2
2 Lars Eller Linus Omark 40 1 2 2
Penalty Kill 4 Players Defense
Defense Defense Time % Phy DF OF
1 Jonathan Blum Andrej Sustr 60 1 2 2
2 James Wisniewski Kevin Connauton 40 1 2 2
Penalty Kill - 3 Players Forward
Forward Time % Phy DF OF
1 Lars Eller 60 1 2 2
2 Drew Shore 40 1 2 2
Penalty Kill - 3 Players Defense
Defense Defense Time % Phy DF OF
1 Kevin Connauton Andrej Sustr 60 1 2 2
2 James Wisniewski Jonathan Blum 40 1 2 2
4 vs 4 Forward
Center Wing Time % Phy DF OF
1 Josh Bailey Brock Trotter 60 1 2 2
2 Stephane Da Costa Linus Omark 40 1 2 2
4 vs 4 Defense
Defense Defense Time % Phy DF OF
1 Andrej Sustr Nick Leddy 60 1 2 2
2 Yannick Weber Jonathan Blum 40 1 2 2
Last Minutes Offensive
Center Left Wing Right Wing Defense Defense
Stephane Da Costa Linus Omark Jason Akeson Nick Leddy Jonathan Blum
Last Minutes Defensive
Center Left Wing Right Wing Defense Defense
Drew Shore Linus Omark Garnet Hathaway James Wisniewski Andrej Sustr
Goaltenders
Starting : Corey Crawford
Backup : Jake Allen
Extra Forwards
Normal : Teemu Hartikainen, Drew Shore, Brock Trotter - PP : Josh Bailey, Linus Omark - PK : Brock Trotter
Extra Defensemen
Normal : Jonathan Blum, Yannick Weber, James Wisniewski - PP : Andrej Sustr - PK : Nick Leddy, Yannick Weber
Penalty Shots
Linus Omark, Lars Eller, Jason Akeson, Ryan Strome, James Wisniewski
Patriotes
5 vs 5 Forward
Center Left Wing Right Wing Time % Phy DF OF
1 Christian Hanson Tomas Kurka Barry Tallackson 40 1 2 2
2 Zenon Konopka Fedor Fedorov Lauri Tukonen 30 1 2 2
3 Mathieu Perreault Matt Calvert Zach Budish 20 1 2 2
4 Melker Karlsson Austin Watson Scott Glennie 10 1 2 2
5 vs 5 Defense
Defense Defense Time % Phy DF OF
1 Timothy Kunes Jordie Benn 40 1 2 2
2 Anthony Bitetto Mike Funk 30 1 2 2
3 Stephen Johns Robbie Russo 20 1 2 2
4 Timothy Kunes Jordie Benn 10 1 2 2
PowerPlay Forward
Center Left Wing Right Wing Time % Phy DF OF
1 Christian Hanson Tomas Kurka Barry Tallackson 60 1 2 2
2 Zenon Konopka Fedor Fedorov Lauri Tukonen 40 1 2 2
PowerPlay Defense
Defense Defense Time % Phy DF OF
1 Timothy Kunes Jordie Benn 60 1 2 2
2 Anthony Bitetto Mike Funk 40 1 2 2
Penalty Kill 4 Players Forward
Center Wing Time % Phy DF OF
1 Tomas Kurka Barry Tallackson 60 1 2 2
2 Christian Hanson Fedor Fedorov 40 1 2 2
Penalty Kill 4 Players Defense
Defense Defense Time % Phy DF OF
1 Timothy Kunes Jordie Benn 60 1 2 2
2 Anthony Bitetto Mike Funk 40 1 2 2
Penalty Kill - 3 Players Forward
Forward Time % Phy DF OF
1 Tomas Kurka 60 1 2 2
2 Barry Tallackson 40 1 2 2
Penalty Kill - 3 Players Defense
Defense Defense Time % Phy DF OF
1 Timothy Kunes Jordie Benn 60 1 2 2
2 Anthony Bitetto Mike Funk 40 1 2 2
4 vs 4 Forward
Center Wing Time % Phy DF OF
1 Tomas Kurka Barry Tallackson 60 1 2 2
2 Christian Hanson Fedor Fedorov 40 1 2 2
4 vs 4 Defense
Defense Defense Time % Phy DF OF
1 Timothy Kunes Jordie Benn 60 1 2 2
2 Anthony Bitetto Mike Funk 40 1 2 2
Last Minutes Offensive
Center Left Wing Right Wing Defense Defense
Christian Hanson Tomas Kurka Barry Tallackson Timothy Kunes Jordie Benn
Last Minutes Defensive
Center Left Wing Right Wing Defense Defense
Christian Hanson Tomas Kurka Barry Tallackson Timothy Kunes Jordie Benn
Goaltenders
Starting : Marek Schwarz
Backup : Jason Missiaen
Extra Forwards
Normal : Jared Knight, Matt Calvert, Mathieu Perreault - PP : Jared Knight, Matt Calvert - PK : Mathieu Perreault
Extra Defensemen
Normal : Stephen Johns, Robbie Russo, Anthony Bitetto - PP : Stephen Johns - PK : Robbie Russo, Anthony Bitetto
Penalty Shots
Tomas Kurka, Barry Tallackson, Christian Hanson, Fedor Fedorov, Matt Calvert
% Time on Ice - Sasquatch
Lines # - Real PCT - Wanted PCT - Time Play
Normal Forward
1 - 34% - 40% - 17:04
2 - 27% - 30% - 13:36
3 - 26% - 20% - 12:50
4 - 13% - 10% - 6:35
Normal Defense
1 - 38% - 40% - 18:55
2 - 31% - 30% - 15:34
3 - 27% - 20% - 13:32
4 - 4% - 10% - 2:04
PP Forward
1 - 55% - 60% - 2:10
2 - 45% - 40% - 1:48
PP Defense
1 - 54% - 60% - 2:08
2 - 46% - 40% - 1:50
PK Forward
1 - 76% - 60% - 4:30
2 - 24% - 40% - 1:27
PK Defense
1 - 66% - 60% - 3:57
2 - 34% - 40% - 2:00
PK3 Forward
1 - 0% - 60%
2 - 0% - 40%
PK3 Defense
1 - 0% - 60%
2 - 0% - 40%
44 Forward
1 - 0% - 60%
2 - 0% - 40%
44 Defense
1 - 0% - 60%
2 - 0% - 40%
Last Minute Offensive - 0:00
Last Minute Defensive - 0:00
Total
Forward - 60:00
Defense - 60:00
|
% Time on Ice - Patriotes
Lines # - Real PCT - Wanted PCT - Time Play
Normal Forward
1 - 33% - 40% - 16:21
2 - 28% - 30% - 13:59
3 - 22% - 20% - 10:57
4 - 18% - 10% - 8:48
Normal Defense
1 - 37% - 40% - 18:37
2 - 33% - 30% - 16:24
3 - 27% - 20% - 13:17
4 - 4% - 10% - 1:47
PP Forward
1 - 51% - 60% - 3:02
2 - 49% - 40% - 2:55
PP Defense
1 - 62% - 60% - 3:40
2 - 38% - 40% - 2:17
PK Forward
1 - 81% - 60% - 3:12
2 - 19% - 40% - 0:46
PK Defense
1 - 70% - 60% - 2:46
2 - 30% - 40% - 1:12
PK3 Forward
1 - 0% - 60%
2 - 0% - 40%
PK3 Defense
1 - 0% - 60%
2 - 0% - 40%
44 Forward
1 - 0% - 60%
2 - 0% - 40%
44 Defense
1 - 0% - 60%
2 - 0% - 40%
Last Minute Offensive - 0:00
Last Minute Defensive - 0:00
Total
Forward - 60:00
Defense - 60:00
|
Play by Play
1st period
0:01 of 1st period - Christian Hanson wins face-off versus Josh Bailey in neutral zone.
0:26 of 1st period - Nick Leddy is hit by Timothy Kunes and loses puck.
0:51 of 1st period - Wrist shot by Matt Calvert.
0:51 of 1st period - Stopped by Corey Crawford with a rebound.
0:53 of 1st period - Slapshot by Timothy Kunes.
0:53 of 1st period - Stopped by Corey Crawford with a rebound.
0:55 of 1st period - Slapshot by Timothy Kunes.
0:55 of 1st period - Shot Blocked by James Wisniewski.
0:57 of 1st period - Wrist shot by Mathieu Perreault.
0:57 of 1st period - Shot Misses the Net.
1:14 of 1st period - Snap shot by Linus Omark.
1:14 of 1st period - Deflect By Josh Bailey.
1:14 of 1st period - Shot Misses the Net.
1:14 of 1st period - Puck is out of play.
1:15 of 1st period - Christian Hanson wins face-off versus Drew Shore in Patriotes zone.
3:43 of 1st period - Mathieu Perreault is hit by Garnet Hathaway and loses puck.
4:39 of 1st period - Slapshot by Melker Karlsson.
4:39 of 1st period - Shot Misses the Net.
4:43 of 1st period - Snap shot by Melker Karlsson.
4:43 of 1st period - Shot Blocked by Yannick Weber.
4:55 of 1st period - Slapshot by Matt Calvert.
4:55 of 1st period - Deflect By Mathieu Perreault.
4:55 of 1st period - Shot Blocked by Stephane Da Costa.
4:55 of 1st period - Puck is out of play.
4:56 of 1st period - Mathieu Perreault wins face-off versus Stephane Da Costa in Sasquatch zone.
5:28 of 1st period - Slapshot by Jason Akeson.
5:28 of 1st period - Shot Misses the Net.
5:34 of 1st period - Slapshot by Linus Omark.
5:34 of 1st period - Stopped by Marek Schwarz with a rebound.
5:36 of 1st period - Snap shot by Linus Omark.
5:36 of 1st period - Shot Misses the Net.
5:56 of 1st period - Andy Andreoff is hit by Fedor Fedorov and loses puck.
6:16 of 1st period - Slapshot by Timothy Kunes.
6:16 of 1st period - Shot Misses the Net.
6:56 of 1st period - Wrist shot by Garnet Hathaway.
6:56 of 1st period - Stopped by Marek Schwarz without a rebound.
6:57 of 1st period - Lars Eller wins face-off versus Christian Hanson in Patriotes zone.
7:24 of 1st period - Snap shot by Tomas Kurka.
7:24 of 1st period - Shot Misses the Net.
7:34 of 1st period - Slapshot by Yannick Weber.
7:34 of 1st period - Stopped by Marek Schwarz with a rebound.
7:41 of 1st period - Minor Penalty to Garnet Hathaway for Hooking.
7:42 of 1st period - Zenon Konopka wins face-off versus Drew Shore in Sasquatch zone.
7:47 of 1st period - Snap shot by Zenon Konopka.
7:47 of 1st period - Shot Misses the Net.
7:49 of 1st period - Slapshot by Lauri Tukonen.
7:49 of 1st period - Shot Misses the Net.
7:51 of 1st period - Slapshot by Timothy Kunes.
7:51 of 1st period - Deflect By Zenon Konopka.
7:51 of 1st period - Stopped by Corey Crawford with a rebound.
7:53 of 1st period - Slapshot by Jordie Benn.
7:53 of 1st period - Shot Blocked by Andrej Sustr.
9:30 of 1st period - Mike Funk is hit by Andy Andreoff and loses puck.
9:41 of 1st period - Penalty to Garnet Hathaway is over, Garnet Hathaway is back on ice.
9:43 of 1st period - Andy Andreoff is hit by Anthony Bitetto and loses puck.
9:58 of 1st period - Wrist shot by Andy Andreoff.
9:58 of 1st period - Stopped by Marek Schwarz without a rebound.
9:59 of 1st period - Josh Bailey wins face-off versus Mathieu Perreault in Patriotes zone.
10:08 of 1st period - Slapshot by Matt Calvert.
10:08 of 1st period - Stopped by Corey Crawford with a rebound.
10:10 of 1st period - Wrist shot by Zach Budish.
10:10 of 1st period - Shot Misses the Net.
10:46 of 1st period - Snap shot by Tomas Kurka.
10:46 of 1st period - Stopped by Corey Crawford with a rebound.
10:48 of 1st period - Backhand shot by Barry Tallackson.
10:48 of 1st period - Stopped by Corey Crawford without a rebound.
10:49 of 1st period - Lars Eller wins face-off versus Fedor Fedorov in Sasquatch zone.
11:23 of 1st period - Slapshot by Barry Tallackson.
11:23 of 1st period - Shot Misses the Net.
11:25 of 1st period - Snap shot by Barry Tallackson.
11:25 of 1st period - Goal by Barry Tallackson - Sasquatch : 0 - Patriotes : 1.
11:26 of 1st period - Zenon Konopka wins face-off versus Josh Bailey in neutral zone.
11:31 of 1st period - Wrist shot by Lauri Tukonen.
11:31 of 1st period - Shot Blocked by Linus Omark.
11:33 of 1st period - Slapshot by Fedor Fedorov.
11:33 of 1st period - Stopped by Corey Crawford with a rebound.
11:35 of 1st period - Slapshot by Jordie Benn.
11:35 of 1st period - Stopped by Corey Crawford with a rebound.
11:37 of 1st period - Slapshot by Lauri Tukonen.
11:37 of 1st period - Stopped by Corey Crawford with a rebound.
11:51 of 1st period - Garnet Hathaway is hit by Mathieu Perreault and loses puck.
12:04 of 1st period - Snap shot by Matt Calvert.
12:04 of 1st period - Shot Misses the Net.
12:16 of 1st period - Snap shot by Stephane Da Costa.
12:16 of 1st period - Shot Misses the Net.
12:18 of 1st period - Slapshot by Teemu Hartikainen.
12:18 of 1st period - Deflect By Stephane Da Costa.
12:18 of 1st period - Stopped by Marek Schwarz without a rebound.
12:19 of 1st period - Stephane Da Costa wins face-off versus Christian Hanson in Patriotes zone.
12:22 of 1st period - Wrist shot by Stephane Da Costa.
12:22 of 1st period - Goal by Stephane Da Costa - Sasquatch : 1 - Patriotes : 1.
12:23 of 1st period - Josh Bailey wins face-off versus Christian Hanson in neutral zone.
12:38 of 1st period - Slapshot by Barry Tallackson.
12:38 of 1st period - Stopped by Corey Crawford with a rebound.
12:48 of 1st period - Zenon Konopka is hit by Andy Andreoff and loses puck.
12:59 of 1st period - Anthony Bitetto is hit by Andy Andreoff and loses puck.
13:17 of 1st period - Teemu Hartikainen is hit by Mathieu Perreault and loses puck.
14:39 of 1st period - Snap shot by Teemu Hartikainen.
14:39 of 1st period - Shot Blocked by Anthony Bitetto.
14:59 of 1st period - Wrist shot by Christian Hanson.
14:59 of 1st period - Stopped by Corey Crawford with a rebound.
15:01 of 1st period - Slapshot by Barry Tallackson.
15:01 of 1st period - Stopped by Corey Crawford with a rebound.
15:03 of 1st period - Slapshot by Barry Tallackson.
15:03 of 1st period - Stopped by Corey Crawford with a rebound.
15:05 of 1st period - Snap shot by Christian Hanson.
15:05 of 1st period - Stopped by Corey Crawford with a rebound.
15:25 of 1st period - Wrist shot by Melker Karlsson.
15:25 of 1st period - Shot Blocked by Nick Leddy.
16:07 of 1st period - Stephen Johns is hit by Jonathan Blum and loses puck.
16:20 of 1st period - Lauri Tukonen is hit by Andy Andreoff and loses puck.
16:39 of 1st period - Snap shot by Tomas Kurka.
16:39 of 1st period - Stopped by Corey Crawford without a rebound.
16:40 of 1st period - Christian Hanson wins face-off versus Drew Shore in Sasquatch zone.
16:41 of 1st period - Wrist shot by Tomas Kurka.
16:41 of 1st period - Shot Misses the Net.
16:43 of 1st period - Snap shot by Tomas Kurka.
16:43 of 1st period - Deflect By Barry Tallackson.
16:43 of 1st period - Shot Misses the Net.
16:43 of 1st period - Puck is out of play.
16:44 of 1st period - Christian Hanson wins face-off versus Linus Omark in Sasquatch zone.
16:52 of 1st period - Icing by Nick Leddy.
16:53 of 1st period - Christian Hanson wins face-off versus Josh Bailey in Sasquatch zone.
16:54 of 1st period - Wrist shot by Tomas Kurka.
16:54 of 1st period - Shot Blocked by Jason Akeson.
17:54 of 1st period - Wrist shot by Linus Omark.
17:54 of 1st period - Shot Blocked by Anthony Bitetto.
17:56 of 1st period - Slapshot by Andrej Sustr.
17:56 of 1st period - Deflect By Josh Bailey.
17:56 of 1st period - Goal by Josh Bailey - Sasquatch : 2 - Patriotes : 1.
17:57 of 1st period - Lars Eller wins face-off versus Christian Hanson in neutral zone.
18:04 of 1st period - Tomas Kurka is hit by Jonathan Blum and loses puck.
18:13 of 1st period - Snap shot by Barry Tallackson.
18:13 of 1st period - Stopped by Corey Crawford with a rebound.
18:35 of 1st period - Slapshot by Stephane Da Costa.
18:35 of 1st period - Stopped by Marek Schwarz without a rebound.
18:36 of 1st period - Christian Hanson wins face-off versus Drew Shore in Patriotes zone.
18:38 of 1st period - Minor Penalty to Christian Hanson for Hooking.
18:39 of 1st period - Lars Eller wins face-off versus Tomas Kurka in Patriotes zone.
19:30 of 1st period - Wrist shot by Mathieu Perreault.
19:30 of 1st period - Shot Blocked by Yannick Weber.
19:32 of 1st period - Slapshot by Timothy Kunes.
19:32 of 1st period - Stopped by Corey Crawford without a rebound.
19:33 of 1st period - Tomas Kurka wins face-off versus Stephane Da Costa in Sasquatch zone.
Goals for this period are 2 for Sasquatch vs 1 for Patriotes.
Shots for this period are 8 for Sasquatch vs 18 for Patriotes.
2nd period
0:01 of 2nd period - Lars Eller wins face-off versus Tomas Kurka in neutral zone.
0:04 of 2nd period - Tomas Kurka is hit by Lars Eller and loses puck.
0:38 of 2nd period - Penalty to Christian Hanson is over, Christian Hanson is back on ice.
0:54 of 2nd period - Fedor Fedorov is hit by Andy Andreoff and loses puck.
0:59 of 2nd period - Wrist shot by Drew Shore.
0:59 of 2nd period - Stopped by Marek Schwarz with a rebound.
1:01 of 2nd period - Wrist shot by Andy Andreoff.
1:01 of 2nd period - Stopped by Marek Schwarz without a rebound.
1:02 of 2nd period - Jason Akeson wins face-off versus Mathieu Perreault in Patriotes zone.
1:07 of 2nd period - Snap shot by Jason Akeson.
1:07 of 2nd period - Stopped by Marek Schwarz with a rebound.
2:28 of 2nd period - Jordie Benn is hit by Josh Bailey and loses puck.
2:37 of 2nd period - Jason Akeson is hit by Stephen Johns and loses puck.
2:53 of 2nd period - Icing by Yannick Weber.
2:54 of 2nd period - Stephane Da Costa wins face-off versus Melker Karlsson in Sasquatch zone.
3:40 of 2nd period - Snap shot by Lars Eller.
3:40 of 2nd period - Goal by Lars Eller - Sasquatch : 3 - Patriotes : 1.
3:41 of 2nd period - Christian Hanson wins face-off versus Josh Bailey in neutral zone.
4:08 of 2nd period - Andy Andreoff is hit by Fedor Fedorov.
4:12 of 2nd period - Wrist shot by Lars Eller.
4:12 of 2nd period - Shot Blocked by Mike Funk.
4:18 of 2nd period - Lars Eller is hit by Zenon Konopka and loses puck.
4:31 of 2nd period - Slapshot by Timothy Kunes.
4:31 of 2nd period - Shot Misses the Net.
4:33 of 2nd period - Snap shot by Timothy Kunes.
4:33 of 2nd period - Stopped by Corey Crawford with a rebound.
4:35 of 2nd period - Snap shot by Scott Glennie.
4:35 of 2nd period - Stopped by Corey Crawford with a rebound.
4:37 of 2nd period - Wrist shot by Melker Karlsson.
4:37 of 2nd period - Stopped by Corey Crawford with a rebound.
4:39 of 2nd period - Wrist shot by Scott Glennie.
4:39 of 2nd period - Stopped by Corey Crawford with a rebound.
5:51 of 2nd period - Snap shot by Timothy Kunes.
5:51 of 2nd period - Shot Blocked by Drew Shore.
5:57 of 2nd period - Drew Shore is hit by Timothy Kunes and loses puck.
6:26 of 2nd period - Anthony Bitetto is hit by Stephane Da Costa and loses puck.
6:47 of 2nd period - Wrist shot by Nick Leddy.
6:47 of 2nd period - Shot Blocked by Tomas Kurka.
7:00 of 2nd period - Icing by Barry Tallackson.
7:01 of 2nd period - Melker Karlsson wins face-off versus Teemu Hartikainen in Patriotes zone.
7:32 of 2nd period - Wrist shot by Tomas Kurka.
7:32 of 2nd period - Shot Misses the Net.
7:46 of 2nd period - Wrist shot by Zenon Konopka.
7:46 of 2nd period - Stopped by Corey Crawford with a rebound.
7:48 of 2nd period - Slapshot by Mike Funk.
7:48 of 2nd period - Shot Blocked by Garnet Hathaway.
7:50 of 2nd period - Slapshot by Mike Funk.
7:50 of 2nd period - Deflect By Lars Eller.
7:50 of 2nd period - Stopped by Corey Crawford without a rebound.
7:51 of 2nd period - Stephane Da Costa wins face-off versus Zenon Konopka in Sasquatch zone.
8:00 of 2nd period - Icing by Zenon Konopka.
8:01 of 2nd period - Zenon Konopka wins face-off versus Teemu Hartikainen in Patriotes zone.
8:01 of 2nd period - Zenon Konopka is hit by Ryan Strome.
8:45 of 2nd period - Wrist shot by Teemu Hartikainen.
8:45 of 2nd period - Stopped by Marek Schwarz with a rebound.
8:47 of 2nd period - Snap shot by Ryan Strome.
8:47 of 2nd period - Stopped by Marek Schwarz with a rebound.
8:49 of 2nd period - Slapshot by Ryan Strome.
8:49 of 2nd period - Shot Misses the Net.
8:51 of 2nd period - Wrist shot by Teemu Hartikainen.
8:51 of 2nd period - Stopped by Marek Schwarz with a rebound.
8:59 of 2nd period - Wrist shot by Teemu Hartikainen.
8:59 of 2nd period - Stopped by Marek Schwarz with a rebound.
9:01 of 2nd period - Snap shot by Stephane Da Costa.
9:01 of 2nd period - Shot Misses the Net.
9:03 of 2nd period - Slapshot by Nick Leddy.
9:03 of 2nd period - Stopped by Marek Schwarz with a rebound.
9:05 of 2nd period - Slapshot by Stephane Da Costa.
9:05 of 2nd period - Stopped by Marek Schwarz with a rebound.
9:07 of 2nd period - Slapshot by Andrej Sustr.
9:07 of 2nd period - Stopped by Marek Schwarz with a rebound.
9:09 of 2nd period - Slapshot by Stephane Da Costa.
9:09 of 2nd period - Stopped by Marek Schwarz with a rebound.
9:11 of 2nd period - Wrist shot by Teemu Hartikainen.
9:11 of 2nd period - Goal by Teemu Hartikainen - Sasquatch : 4 - Patriotes : 1.
9:12 of 2nd period - Christian Hanson wins face-off versus Josh Bailey in neutral zone.
9:22 of 2nd period - Snap shot by Barry Tallackson.
9:22 of 2nd period - Shot Misses the Net.
9:24 of 2nd period - Slapshot by Jordie Benn.
9:24 of 2nd period - Shot Misses the Net.
9:26 of 2nd period - Wrist shot by Christian Hanson.
9:26 of 2nd period - Shot Blocked by Jonathan Blum.
9:28 of 2nd period - Slapshot by Jordie Benn.
9:28 of 2nd period - Deflect By Barry Tallackson.
9:28 of 2nd period - Shot Blocked by Jason Akeson.
9:28 of 2nd period - Puck is out of play.
9:29 of 2nd period - Lars Eller wins face-off versus Matt Calvert in Sasquatch zone.
9:31 of 2nd period - Minor Penalty to Andy Andreoff for Hooking.
9:32 of 2nd period - Christian Hanson wins face-off versus Drew Shore in Sasquatch zone.
11:31 of 2nd period - Penalty to Andy Andreoff is over, Andy Andreoff is back on ice.
11:47 of 2nd period - Minor Penalty to Matt Calvert for Hooking.
11:48 of 2nd period - Tomas Kurka wins face-off versus Lars Eller in Patriotes zone.
13:47 of 2nd period - Penalty to Matt Calvert is over, Matt Calvert is back on ice.
14:40 of 2nd period - Drew Shore is hit by Zenon Konopka and loses puck.
15:19 of 2nd period - Andrej Sustr is hit by Tomas Kurka and loses puck.
15:42 of 2nd period - Stephen Johns is hit by Stephane Da Costa.
16:22 of 2nd period - James Wisniewski is hit by Anthony Bitetto and loses puck.
16:35 of 2nd period - Jason Akeson is hit by Anthony Bitetto and loses puck.
17:06 of 2nd period - Nick Leddy is hit by Austin Watson and loses puck.
17:11 of 2nd period - Slapshot by Melker Karlsson.
17:11 of 2nd period - Shot Blocked by Andrej Sustr.
17:39 of 2nd period - Jason Akeson is hit by Christian Hanson and loses puck.
18:10 of 2nd period - James Wisniewski is hit by Austin Watson and loses puck.
18:25 of 2nd period - Andy Andreoff is hit by Lauri Tukonen and loses puck.
18:42 of 2nd period - Snap shot by Barry Tallackson.
18:42 of 2nd period - Stopped by Corey Crawford with a rebound.
19:01 of 2nd period - Slapshot by Mathieu Perreault.
19:01 of 2nd period - Stopped by Corey Crawford with a rebound.
19:52 of 2nd period - Linus Omark is hit by Stephen Johns and loses puck.
Goals for this period are 2 for Sasquatch vs 0 for Patriotes.
Shots for this period are 13 for Sasquatch vs 8 for Patriotes.
3rd period
0:01 of 3rd period - Christian Hanson wins face-off versus Josh Bailey in neutral zone.
0:04 of 3rd period - Slapshot by Jordie Benn.
0:04 of 3rd period - Shot Misses the Net.
0:06 of 3rd period - Backhand shot by Jordie Benn.
0:06 of 3rd period - Deflect By Barry Tallackson.
0:06 of 3rd period - Shot Blocked by Nick Leddy.
0:06 of 3rd period - Puck is out of play.
0:07 of 3rd period - Christian Hanson wins face-off versus Josh Bailey in Sasquatch zone.
0:10 of 3rd period - Wrist shot by Tomas Kurka.
0:10 of 3rd period - Deflect By Christian Hanson.
0:10 of 3rd period - Shot Misses the Net.
0:10 of 3rd period - Puck is out of play.
0:11 of 3rd period - Christian Hanson wins face-off versus Linus Omark in Sasquatch zone.
0:12 of 3rd period - Slapshot by Barry Tallackson.
0:12 of 3rd period - Stopped by Corey Crawford with a rebound.
0:22 of 3rd period - Wrist shot by Tomas Kurka.
0:22 of 3rd period - Deflect By Christian Hanson.
0:22 of 3rd period - Goal by Christian Hanson - Sasquatch : 4 - Patriotes : 2.
0:23 of 3rd period - Christian Hanson wins face-off versus Josh Bailey in neutral zone.
1:10 of 3rd period - Slapshot by Teemu Hartikainen.
1:10 of 3rd period - Stopped by Marek Schwarz with a rebound.
1:12 of 3rd period - Slapshot by Yannick Weber.
1:12 of 3rd period - Shot Blocked by Jordie Benn.
1:14 of 3rd period - Slapshot by Ryan Strome.
1:14 of 3rd period - Shot Misses the Net.
2:27 of 3rd period - Slapshot by Timothy Kunes.
2:27 of 3rd period - Shot Blocked by James Wisniewski.
2:29 of 3rd period - Slapshot by Jordie Benn.
2:29 of 3rd period - Stopped by Corey Crawford with a rebound.
2:31 of 3rd period - Wrist shot by Mathieu Perreault.
2:31 of 3rd period - Stopped by Corey Crawford with a rebound.
2:33 of 3rd period - Slapshot by Zach Budish.
2:33 of 3rd period - Stopped by Corey Crawford without a rebound.
2:34 of 3rd period - Christian Hanson wins face-off versus Josh Bailey in Sasquatch zone.
2:35 of 3rd period - Slapshot by Barry Tallackson.
2:35 of 3rd period - Stopped by Corey Crawford without a rebound.
2:36 of 3rd period - Barry Tallackson wins face-off versus Josh Bailey in Sasquatch zone.
2:57 of 3rd period - Nick Leddy is hit by Barry Tallackson and loses puck.
3:22 of 3rd period - Wrist shot by Anthony Bitetto.
3:22 of 3rd period - Stopped by Corey Crawford with a rebound.
3:24 of 3rd period - Slapshot by Mike Funk.
3:24 of 3rd period - Stopped by Corey Crawford with a rebound.
3:50 of 3rd period - Backhand shot by Barry Tallackson.
3:50 of 3rd period - Shot Misses the Net.
3:52 of 3rd period - Wrist shot by Christian Hanson.
3:52 of 3rd period - Stopped by Corey Crawford with a rebound.
3:54 of 3rd period - Wrist shot by Barry Tallackson.
3:54 of 3rd period - Stopped by Corey Crawford with a rebound.
3:56 of 3rd period - Slapshot by Mike Funk.
3:56 of 3rd period - Stopped by Corey Crawford with a rebound.
3:58 of 3rd period - Wrist shot by Barry Tallackson.
3:58 of 3rd period - Stopped by Corey Crawford with a rebound.
4:06 of 3rd period - Snap shot by Barry Tallackson.
4:06 of 3rd period - Stopped by Corey Crawford without a rebound.
4:07 of 3rd period - Lars Eller wins face-off versus Lauri Tukonen in Sasquatch zone.
4:56 of 3rd period - Wrist shot by Timothy Kunes.
4:56 of 3rd period - Stopped by Corey Crawford with a rebound.
5:06 of 3rd period - Austin Watson is hit by Drew Shore.
6:36 of 3rd period - Icing by Kevin Connauton.
6:37 of 3rd period - Josh Bailey wins face-off versus Christian Hanson in Sasquatch zone.
6:54 of 3rd period - James Wisniewski is hit by Lauri Tukonen and loses puck.
7:19 of 3rd period - Zach Budish is hit by Drew Shore and loses puck.
7:48 of 3rd period - Christian Hanson is hit by Jason Akeson and loses puck.
8:09 of 3rd period - Slapshot by Lauri Tukonen.
8:09 of 3rd period - Shot Misses the Net.
8:47 of 3rd period - Slapshot by James Wisniewski.
8:47 of 3rd period - Stopped by Marek Schwarz with a rebound.
9:22 of 3rd period - Icing by Stephane Da Costa.
9:23 of 3rd period - Zenon Konopka wins face-off versus Lars Eller in Sasquatch zone.
9:31 of 3rd period - Snap shot by Lauri Tukonen.
9:31 of 3rd period - Stopped by Corey Crawford without a rebound.
9:32 of 3rd period - Christian Hanson wins face-off versus Josh Bailey in Sasquatch zone.
9:57 of 3rd period - Nick Leddy is hit by Timothy Kunes and loses puck.
10:13 of 3rd period - Fedor Fedorov is hit by Ryan Strome and loses puck.
10:46 of 3rd period - Anthony Bitetto is hit by Linus Omark.
11:27 of 3rd period - Zenon Konopka is hit by Linus Omark.
11:51 of 3rd period - Icing by Nick Leddy.
11:52 of 3rd period - Christian Hanson wins face-off versus Stephane Da Costa in Sasquatch zone.
11:53 of 3rd period - Wrist shot by Tomas Kurka.
11:53 of 3rd period - Shot Misses the Net.
12:01 of 3rd period - Christian Hanson is hit by Stephane Da Costa and loses puck.
12:25 of 3rd period - Slapshot by Zenon Konopka.
12:25 of 3rd period - Shot Misses the Net.
14:15 of 3rd period - Slapshot by Anthony Bitetto.
14:15 of 3rd period - Stopped by Corey Crawford with a rebound.
14:53 of 3rd period - Fedor Fedorov is hit by Jesper Fast and loses puck.
17:06 of 3rd period - Drew Shore is hit by Barry Tallackson and loses puck.
17:27 of 3rd period - Yannick Weber is hit by Zenon Konopka and loses puck.
17:32 of 3rd period - Snap shot by Zenon Konopka.
17:32 of 3rd period - Stopped by Corey Crawford without a rebound.
17:33 of 3rd period - Zenon Konopka wins face-off versus Josh Bailey in Sasquatch zone.
17:50 of 3rd period - Minor Penalty to Andrej Sustr for Interference.
17:51 of 3rd period - Drew Shore wins face-off versus Christian Hanson in Sasquatch zone.
18:29 of 3rd period - Slapshot by Timothy Kunes.
18:29 of 3rd period - Shot Blocked by Jonathan Blum.
19:50 of 3rd period - Penalty to Andrej Sustr is over, Andrej Sustr is back on ice.
Goals for this period are 0 for Sasquatch vs 1 for Patriotes.
Shots for this period are 2 for Sasquatch vs 17 for Patriotes.
Back to the Top